 Dungeon Crawl Stone Soup version 0.29.1-1-gd02db6906a (webtiles) character file.

Game seed: 326649297361027873

94 Icepheonix32 the Trooper (level 4, 0/41 HPs)
             Began as a Minotaur Fighter on Sept 20, 2022.
             Slain by a gnoll
             ... wielding a +0 flail
              (8 damage)
             ... on level 3 of the Dungeon.
             The game lasted 00:01:57 (2120 turns).

Icepheonix32 the Trooper (Minotaur Fighter)         Turns: 2120, Time: 00:01:58

Health: 0/41       AC:  8    Str: 23    XL:     4   Next: 38%
Magic:  3/3        EV:  9    Int:  5    God:
Gold:   161        SH:  4    Dex:  9    Spells: 3/3 levels left

rFire   . . .      SeeInvis .   a - +0 war axe
rCold   . . .      Faith    .   c - +0 buckler
rNeg    . . .      Spirit   .   b - +1 scale mail
rPois   .          Reflect  .   (helmet restricted)
rElec   .          Harm     .   (no cloak)
rCorr   .          Rampage  .   (no gloves)
Will    .....                   (no boots)
Stlth   ..........              (no amulet)
HPRegen 0.13/turn               (no ring)
MPRegen 0.08/turn               (no ring)

@: no status effects
A: horns 2, retaliatory headbutt
a: no special abilities


You were on level 3 of the Dungeon.
You visited 1 branch of the dungeon, and saw 3 of its levels.

You collected 161 gold pieces.

Inventory:

Hand Weapons
 a - a +0 war axe (weapon)
Armour
 b - a +1 scale mail (worn)
 c - a +0 buckler (worn)
Jewellery
 e - a ring of wizardry
 i - a ring of poison resistance
Scrolls
 k - a scroll of enchant armour
Potions
 d - a potion of might
 f - a potion of heal wounds
 g - 3 potions of flight
 h - a potion of brilliance
 j - a potion of magic {unknown}
 m - a potion of curing
 o - a potion of ambrosia {unknown}
 q - a potion of invisibility
 r - a potion of mutation {unknown}


   Skills:
 * Level 4.6 Fighting
 + Level 3.6 Axes
 + Level 4.0 Armour
 + Level 1.3 Dodging
 + Level 0.2 Stealth
 + Level 4.0 Shields


You had 3 spell levels left.
You didn't know any spells.
Your spell library contained the following spells:

 Spells                   Type           Power      Damage    Failure   Level
 Conjure Flame            Conj/Fire      0%         6-21      99%         3
 Ignite Poison            Fire/Tmut/Pois 0%         N/A       99%         3
 Sticky Flame             Conj/Fire      0%         2d3       100%        4


Dungeon Overview and Level Annotations

Branches:
Dungeon (3/15)

Altars:


Innate Abilities, Weirdness & Mutations

You have a pair of horns on your head.
You reflexively headbutt those who attack you in melee.


Message History

You hit the gnoll.
You kill the gnoll!
The gnoll hits you from afar with a +0 spear.
The gnoll hits you but does no damage.
Things that are here:
a +0 club; a +0 buckler; a +0 flail You slash the gnoll!
The gnoll is severely wounded.
The gnoll hits you with a +0 spear.
You barely miss the gnoll.
The gnoll is severely wounded.
The gnoll hits you with a +0 spear! The gnoll completely misses you.
You barely miss the gnoll. Your headbutt misses the gnoll.
The gnoll is heavily wounded.
The gnoll hits you but does no damage.
You hit the gnoll but do no damage.
The gnoll is heavily wounded.
The gnoll hits you with a +0 spear.
You barely miss the gnoll.
The gnoll is heavily wounded.
The gnoll hits you with a +0 spear.
* * * LOW HITPOINT WARNING * * *
The gnoll barely misses you.
You slash the gnoll!
You kill the gnoll!
You barely miss the gnoll. Your headbutt misses the gnoll.
The gnoll hits you but does no damage.
You hit the gnoll.
You headbutt the gnoll, but do no damage.
The gnoll is moderately wounded.
You block the gnoll's attack. The gnoll hits you with a +0 flail.
* * * LOW HITPOINT WARNING * * *
You hit the gnoll but do no damage.
The gnoll is moderately wounded.
The gnoll hits you but does no damage.
You hit the gnoll.
You headbutt the gnoll, but do no damage.
The gnoll is moderately wounded.
The gnoll hits you with a +0 flail!
You die...

#.....###......# #.#####
#........ #.#
###########..
#.###.......# .
#...........# ###
#####..>....# ..#
#.......# #.#
#.##############.#######
#.# #....@g..........
#.# #.#######.#######
#.# #.# .... #.######.#
.#.#..# #.#......#
#.#..$.# #.##.##### #
### .# #.##.# .# #....#
# ######


You could see a gnoll.

Vanquished Creatures
  4 gnolls
  A dart slug (D:1)
  An orc (D:3)
  2 endoplasms (D:1)
  5 giant cockroaches (D:2)
  4 goblins
  3 hobgoblins
  5 jackals
  4 quokkas
  3 ball pythons
  3 bats
  5 frilled lizards
  5 kobolds
  4 rats
49 creatures vanquished.

Notes
Turn   | Place    | Note
-------+----------+-------------------------------------------
     0 | D:1      | Icepheonix32 the Minotaur Fighter began the quest for the
                  | Orb.
     0 | D:1      | Reached XP level 1. HP: 19/19 MP: 0/0
   144 | D:1      | Reached XP level 2. HP: 20/27 MP: 1/1
   648 | D:1      | Reached XP level 3. HP: 34/34 MP: 2/2
  1726 | D:2      | Found a faded altar of an unknown god.
  2104 | D:3      | Reached skill level 1 in Dodging
  2104 | D:3      | Reached XP level 4. HP: 13/41 MP: 3/3
  2120 | D:3      | Slain by a gnoll

Illustrated notes

Levels and vault maps discovered:
D:1:      psy_arrival_basics, layout_basic
D:2:      layout_loops_corners, shapermc_ecumenical_altar_acropolis,
          minmay_worlds_worst_comb
D:3:      layout_basic

Skill      XL: |  1  2  3 |
---------------+----------+-----
Fighting       | 4 |  4.6
Armour         | 4 |  4.0
Shields        | 4 |  4.0
Axes           | 3 |  3.6
Dodging        | 1 |  1.3
Stealth        | |  0.2

Action                   |  1- 3 |  4- 6 || total
-------------------------+-------+-------++-------
Melee: War axe           |    90 |    15 ||   105
       Headbutt          |    14 |     4 ||    18
  Use: Scroll            |    10 |       ||    10
       Potion            |       |     1 ||     1
Armor: Scale mail        |    44 |     7 ||    51
Dodge: Dodged            |    50 |     5 ||    55
Block: Buckler           |    20 |     5 ||    25
